cohdb
Replays
Latest Replays
All Replays
Popular Replays
Top Player Replays
Match Explorer
How It Works
Community
CoH3 Stats
Reddit
Sign in to upload your games and track your stats! →
Sign in with Steam
Reakly vs metteor hammer - intense match
Match 27637986
Overview
Messages
Build Orders
End
Panzergrenadier Squad
Panzergrenadier Squad
250 Light Carrier
Construct Light Support Kompanie
Combat Half-tracks
Panzerpioneer Squad
Construct Mechanized Kompanie
Panzerjäger Mechanized Group
8 Rad Armored Car
Selects Armored Support Battlegroup
Selects Vehicle Awareness
Marder III Tank Destroyer
8 Rad Armored Car
Marder III Tank Destroyer
Selects Panzer Storm
Panzerjäger Mechanized Group
Marder III Tank Destroyer
Selects Stuka Anti-tank Loiter
Support Armor Elements
StuG III D Assault Gun
Stuka Anti-tank Loiter
StuG III D Assault Gun
Assault Mechanized Group
Construct Panzerarmee Kommand
Armored Reserves
Marder III Tank Destroyer
Stuka Anti-tank Loiter
Selects Superior Fire Drills
Selects Flammpanzer III Medium Tank Sd.Kfz. 141
Selects Battlefield Salvage
Tiger Heavy Tank
Battlefield Salvage
Stuka Anti-tank Loiter
2.5-tonne Medical Truck
Reakly
METEOR_HAMMER
0
0
Comments
sign in to comment!
No comments posted yet!